 Dungeon Crawl Stone Soup version 0.25-b1-46-gb8a1ec05df (webtiles) character file.

Game seed: 75937645037907435

177 gruber the Skirmisher (level 5, -2/30 HPs)
             Began as a Vine Stalker Fighter on June 9, 2020.
             Slain by an orc
             ... wielding a +0 hand axe
              (4 damage)
             ... on level 4 of the Dungeon.
             The game lasted 00:02:13 (1978 turns).

gruber the Skirmisher (Vine Stalker Fighter)        Turns: 1978, Time: 00:02:14

Health: -2/30      AC:  4    Str: 20    XL:     5   Next: 57%
Magic:  0/6        EV:  8    Int:  8    God:
Gold:   118        SH:  9    Dex: 13    Spells: 4/4 levels left

rFire    + . .     SeeInvis .   a - +0 rapier
rCold    . . .     Gourm    .   c - +0 kite shield
rNeg     . . .     Faith    .   r - +1 leather armour {rF+}
rPois    .         Spirit   +   (no helmet)
rElec    .         Reflect  .   (no cloak)
rCorr    .         Harm     .   (no gloves)
MR       .....                  (no boots)
Stlth    +.........             (no amulet)
HPRegen  0.50/turn              (no ring)
MPRegen  0.10/turn              (no ring)

@: no status effects
A: fangs 2, regeneration 1, magic shield, antimagic bite, no potion heal 3, rot
immunity
a: no special abilities


You were on level 4 of the Dungeon.
You were not hungry.

You visited 1 branch of the dungeon, and saw 4 of its levels.

You collected 118 gold pieces.

Inventory:

Hand Weapons
 a - a +0 rapier (weapon)
Missiles
 m - 3 javelins (quivered)
Armour
 c - a +0 kite shield (worn)
 r - a +1 leather armour of fire resistance (worn)
Scrolls
 e - 3 scrolls of blinking {unknown}
 h - a scroll of teleportation {unknown}
 i - a scroll of fog {unknown}
 n - a scroll of amnesia {unknown}
 q - a scroll of noise {unknown}
Potions
 d - a potion of might
 j - a potion of flight {unknown}
 k - a potion of heal wounds {unknown}
 l - 2 potions of curing
 o - a potion of invisibility {unknown}
 p - a potion of magic {unknown}
Comestibles
 f - 3 rations
 g - 5 chunks of flesh


   Skills:
 + Level 5.5 Fighting
 - Level 1.7 Short Blades
 - Level 2.4 Armour
 - Level 2.6 Shields


You had 4 spell levels left.
You didn't know any spells.
Your spell library was empty.

Dungeon Overview and Level Annotations

Branches:
Dungeon (4/15)
 Temple: D:4-7

Altars:


Innate Abilities, Weirdness & Mutations

You have extremely sharp teeth.
Your natural rate of healing is unusually fast.
When hurt, damage is shared between your health and your magic reserves.
Your bite disrupts and absorbs the magic of your enemies.
Potions cannot restore your health.
You are immune to rotting.


Message History

You drain its magic.
You feel invigorated.
The orc wizard is heavily wounded.
The orc wizard hits you with a cursed +0 dagger.
* * * LOW HITPOINT WARNING * * *
The orc barely misses you.
Unknown command.
You puncture the orc wizard! Your bite misses the orc wizard.
The orc wizard is almost dead.
The orc wizard completely misses you. The orc closely misses you.
You closely miss the orc wizard.
You bite the orc wizard, but do no damage.
The orc wizard is almost dead.
The orc wizard hits you with a cursed +0 dagger.
* * * LOW HITPOINT WARNING * * *
The orc completely misses you.
Unknown command.
You barely miss the orc wizard. Your bite misses the orc wizard.
The orc wizard is almost dead.
You block the orc wizard's attack. The orc hits you with a +0 hand axe.
You die...

#....#......#####.#....#
#............###..##...#
#.............##..###.##
#.......##.....#.## ###
#........##......#
#........###....##
##........###...#
#........# #...#
#........# ##@o#
##.......# ##o#
##......# #..# #.....##
#.## ##....# #.# ##...#
#o# ##### #o# #.. ....


You could see an orc wizard and an orc.

Vanquished Creatures
  2 orc priests (D:4)
  A worker ant (D:4)
  2 hound skeletons (D:4)
  2 adders
  An ooze (D:4)
  2 dart slugs (D:1)
  2 leopard geckos
  3 orcs (D:4)
  A giant cockroach (D:2)
  3 hobgoblins
  10 bats
  2 frilled lizards (D:1)
  4 goblins
  5 kobolds
  5 rats
45 creatures vanquished.

Notes
Turn   | Place    | Note
-------+----------+-------------------------------------------
     0 | D:1      | gruber the Vine Stalker Fighter began the quest for the
                  | Orb.
     0 | D:1      | Reached XP level 1. HP: 11/11 MP: 2/2
   300 | D:1      | Reached skill level 3 in Fighting
   361 | D:1      | Reached XP level 2. HP: 16/16 MP: 3/3
   976 | D:2      | Found a faded altar of an unknown god.
   978 | D:2      | Reached XP level 3. HP: 21/21 MP: 4/4
  1051 | D:2      | Reached skill level 4 in Fighting
  1710 | D:3      | You fall into a shaft and drop 1 floor!
  1747 | D:4      | Gained mutation: Your natural rate of healing is unusually
                  | fast. [Vine Stalker growth]
  1747 | D:4      | Reached XP level 4. HP: 19/26 MP: 3/5
  1808 | D:4      | HP: 1/26 [poisoned by a worker ant]
  1898 | D:4      | Reached skill level 5 in Fighting
  1898 | D:4      | Reached XP level 5. HP: 27/30 MP: 6/6
  1973 | D:4      | HP: 1/30 [orc wizard/cursed +0 dagger (3)]
  1978 | D:4      | Slain by an orc

Illustrated notes

Levels and vault maps discovered:
D:1:      minmay_arrival_radiant_lines, layout_loops_ring
D:2:      minmay_wonky_spiral, layout_loops_cross,
          chequers_ecumenical_altar_simple_redux, uniq_sigmund
D:3:      layout_basic, first_ration
D:4:      layout_cave_pods, minmay_misc_feat_room, saegor_snake_ambush,
          uniq_duvessa

Skill      XL: |  1  2  3  4 |
---------------+-------------+-----
Fighting       | 3 4 5 |  5.5
Short Blades   | |  1.7
Armour         | |  2.4
Shields        | |  2.6

Action                   |  1- 3 |  4- 6 || total
-------------------------+-------+-------++-------
Melee: Rapier            |   121 |    59 ||   180
       Bite              |    23 |    20 ||    43
  Use: Potion            |       |     1 ||     1
  Eat: Chunk             |     3 |     1 ||     4
Armor: Scale mail        |    65 |       ||    65
       Leather armour    |       |    11 ||    11
Dodge: Dodged            |    37 |    20 ||    57
Block: Kite shield       |    61 |    28 ||    89
